 Dungeon Crawl Stone Soup version 0.29.1-1-gd02db6906a (webtiles) character file.

Game seed: 10745704008177464827

98 vvl the Stinger (level 4, 0/37 HPs)
             Began as a Naga Venom Mage on Oct 6, 2022.
             Slain by a gnoll
             ... wielding a +0 spear
              (5 damage)
             ... on level 3 of the Dungeon.
             The game lasted 00:04:03 (2734 turns).

vvl the Stinger (Naga Venom Mage)                   Turns: 2734, Time: 00:04:05

Health: 0/37       AC:  2    Str: 11    XL:     4   Next: 69%
Magic:  4/7        EV: 10    Int: 17    God:
Gold:   180        SH:  0    Dex: 11    Spells: 2/7 levels left

rFire   . . .      SeeInvis +   f - +2 spear (venom)
rCold   . . .      Faith    .   (no shield)
rNeg    . . .      Spirit   .   a - +0 robe
rPois   +          Reflect  .   (no helmet)
rElec   .          Harm     .   (no cloak)
rCorr   .          Rampage  .   (no gloves)
Will    .....                   (no barding)
Stlth   ++........              (no amulet)
HPRegen 0.12/turn               (no ring)
MPRegen 0.10/turn               (no ring)

@: very slow
A: AC +1, large, see invisible, deformed body, poison resistance, slowness 2,
spit poison 1, naga tail 1
a: Spit Poison


You were on level 3 of the Dungeon.
You visited 1 branch of the dungeon, and saw 3 of its levels.

You collected 180 gold pieces.

Inventory:

Hand Weapons
 f - a +2 spear of venom (weapon)
Armour
 a - a +0 robe (worn)
Scrolls
 c - a scroll of butterflies {unknown}
 d - 2 scrolls of identify {unknown}
 e - a scroll of vulnerability {unknown}
 g - a scroll of enchant armour {unknown}
 j - a scroll of acquirement {unknown}
 o - a scroll of poison {unknown}
 p - a scroll of teleportation {unknown}
 q - a scroll of blinking {unknown}
Potions
 b - a potion of magic
 h - a potion of haste {unknown}
 i - a potion of flight {unknown}
 k - 2 potions of lignification {unknown}
 l - a potion of might {unknown}
 m - a potion of berserk rage {unknown}
 n - a potion of heal wounds {unknown}


   Skills:
 + Level 0.9 Fighting
 + Level 0.9 Armour
 + Level 2.0 Dodging
 + Level 3.7 Stealth
 + Level 2.4 Spellcasting
 + Level 1.6 Transmutations
 * Level 5.0 Poison Magic


You had 2 spell levels left.
You knew the following spells:

 Your Spells              Type           Power      Damage    Failure   Level
a - Sting                 Tmut/Pois      52%        1d5       4%          1
b - Olgreb's Toxic Radia  Pois           19%        N/A       22%         4

Your spell library contained the following spells:

 Spells                   Type           Power      Damage    Failure   Level
 Poisonous Vapours        Pois/Air       20%        N/A       10%         2
 Mephitic Cloud           Conj/Pois/Air  7%         N/A       28%         3


Dungeon Overview and Level Annotations

Branches:
Dungeon (3/15)

Altars:
Qazlal
Sif Muna

Shops:
D:1 (


Innate Abilities, Weirdness & Mutations

Your serpentine skin is tough. (AC +1)
You have supernaturally acute eyesight. (SInv)
Armour fits poorly on your strangely shaped body.
Your system is resistant to poisons. (rPois)
You cover ground very slowly.
You can spit poison.
You have a snake-like lower body.


Message History

Your toxic aura wanes.
The gnoll hits you from afar with a +0 spear.
The gnoll barely misses you.
You reach to attack!
You hit the gnoll.
The gnoll is severely wounded.
The gnoll hits you from afar with a +0 spear.
You reach to attack!
You completely miss the gnoll.
The gnoll is severely wounded.
The gnoll barely misses you.
The gnoll hits you from afar with a +0 spear.
You reach to attack!
You barely miss the gnoll.
The gnoll is severely wounded.
The gnoll hits you from afar with a +0 spear.
The gnoll hits you from afar with a +0 spear!
You are too injured to fight recklessly!
You are too injured to fight recklessly!
You are too injured to fight recklessly!
The gnoll looks more healthy.
The gnoll hits you from afar with a +0 spear.
* * * LOW HITPOINT WARNING * * *
The gnoll closely misses you.
Casting: Olgreb's Toxic Radiance (extremely dangerous; 24% risk of failure)
Confirm with . or Enter, or press ? or * to list all spells.
You don't have enough magic to cast this spell.
There are monsters nearby!
Casting: Olgreb's Toxic Radiance (extremely dangerous; 24% risk of failure)
Confirm with . or Enter, or press ? or * to list all spells.
Okay, then.
You kill the gnoll!
Your Poison Magic skill increases to level 5!
You kill the gnoll!
The gnoll hits you from afar with a +0 spear.
* * * LOW HITPOINT WARNING * * *
Reach: f) +2 spear (venom)
Press: ? - help, Dir - move target, f - gnoll
Aim: a gnoll, wielding a +0 spear (heavily wounded, about 36% to evade your +2 spear of venom)
You reach to attack!
You hit the gnoll.
The gnoll is poisoned.
The gnoll is almost dead.
The gnoll hits you from afar with a +0 spear.
You die...

. #....##......#### ..
#.....#.........# ...
###..........##.##
....######..#...<.......
..<..............รท.#####
........###...<....#
....###.#####......#
....###....##.)#.###
...............#@#### #
.#.####.####.......>###.#
..##.....##....g......>##.
#.#.......#).....)........
#.#.......#.....)...#....#
#....._...............####
#.#.......#.#.####........
#.#.......#.#.# .......##
#.##....)##...# .$.....#


You could see a gnoll (very poisoned).

Vanquished Creatures
  3 gnolls (D:3)
  An adder (D:3)
  2 worms (D:2)
  3 dart slugs
  An orc (D:3)
  4 bats
  3 endoplasms
  2 giant cockroaches
  2 goblins (D:2)
  4 hobgoblins
  4 jackals (D:1)
  2 quokkas
  4 ball pythons
  4 frilled lizards
  5 kobolds
  5 rats
49 creatures vanquished.

Notes
Turn   | Place    | Note
-------+----------+-------------------------------------------
     0 | D:1      | vvl the Naga Venom Mage began the quest for the Orb.
     0 | D:1      | Reached XP level 1. HP: 15/15 MP: 3/3
   341 | D:1      | Reached XP level 2. HP: 14/22 MP: 0/5
  1048 | D:1      | Found Xeava's Antique Weapon Boutique.
  1230 | D:1      | Reached XP level 3. HP: 30/30 MP: 6/6
  2523 | D:3      | Reached XP level 4. HP: 37/37 MP: 7/7
  2535 | D:3      | Found a stormy altar of Qazlal.
  2596 | D:3      | Found a shimmering blue altar of Sif Muna.
  2673 | D:2      | Learned a level 4 spell: Olgreb's Toxic Radiance
  2733 | D:3      | Reached skill level 5 in Poison Magic
  2734 | D:3      | Slain by a gnoll

Illustrated notes

Levels and vault maps discovered:
D:1:      minmay_arrival_four_circles, layout_basic, serial_shops, shop
D:2:      layout_basic, mrwooster_statue_mirror, minmay_misc_feat_roman,
          palyth_stone_intersect
D:3:      layout_rooms, mainiacjoe_overflow_alcove_2, old_standard_altar,
          chequers_ecumenical_altar_simple, minmay_pentomino_pile

Skill      XL: |  1  2  3  4 |
---------------+-------------+-----
Dodging        | 2 |  2.0
Poison Magic   | 5 |  5.0
Fighting       | |  0.9
Armour         | |  0.9
Stealth        | |  3.7
Spellcasting   | |  2.4
Transmutations | |  1.6

Action                   |  1- 3 |  4- 6 || total
-------------------------+-------+-------++-------
Melee: Unarmed           |    21 |       ||    21
       Spear             |    45 |    14 ||    59
       Punch             |     1 |       ||     1
 Cast: Sting             |    43 |       ||    43
       Olgreb's Toxic Ra |       |     1 ||     1
 Stab: Sleeping          |     7 |     1 ||     8
Armor: Robe              |     6 |       ||     6
Dodge: Dodged            |    32 |     6 ||    38
